 Dungeon Crawl Stone Soup version 0.24-a0-653-g3936067ed8 (webtiles) character file.

Game seed: 12817092276681317496, levelgen mode: deterministic

7 Jetshad the Gusty (level 2, 0/15 HPs)
             Began as a Tengu Air Elementalist on Sept 27, 2019.
             Slain by an ooze (2 damage)
             ... on level 1 of the Dungeon.
             The game lasted 00:02:56 (213 turns).

Jetshad the Gusty (Tengu Air Elementalist)           Turns: 213, Time: 00:02:56

Health: 0/15       AC:  2    Str:  7 (8)  XL:     2   Next: 0%
Magic:  6/6        EV: 12    Int: 13 (15) God:
Gold:   16         SH:  0    Dex: 12 (14) Spells: 4/5 levels left

rFire    . . .     SeeInvis .   b - -1 club (curse)
rCold    . . .     Gourm    .   (no shield)
rNeg     . . .     Faith    .   a - +0 robe
rPois    .         Spirit   .   (helmet restricted)
rElec    .         Reflect  .   (no cloak)
rCorr    .         Harm     .   (no gloves)
MR       .....                  (boots unavailable)
Stlth    ++........             (no amulet)
HPRegen  0.05/turn              (no ring)
MPRegen  0.10/turn              (no ring)

@: no status effects
A: beak, talons 3
a: no special abilities


You were on level 1 of the Dungeon.
You were full.

You visited 1 branch of the dungeon, and saw 1 of its levels.

You collected 16 gold pieces.

Inventory:

Hand Weapons
 b - a cursed -1 club (weapon)
Armour
 a - a +0 robe (worn)
Scrolls
 d - a scroll of magic mapping {unknown}
Comestibles
 c - 3 chunks of flesh


   Skills:
 + Level 2.2 Dodging
 + Level 2.1 Stealth
 + Level 2.2 Spellcasting
 + Level 1.3 Conjurations
 + Level 4.2 Air Magic


You had 4 spell levels left.
You knew the following spells:

 Your Spells              Type           Power        Failure   Level  Hunger
a - Shock                 Conj/Air       #...         8%          1    ##.....

Your spell library contained the following spells:

 Spells                   Type           Power        Failure   Level  Hunger
 Swiftness                Chrm/Air       #.......     16%         2    ###....
 Static Discharge         Conj/Air       #.......     24%         3    ####...
 Airstrike                Air            ##........   41%         4    #####..
 Lightning Bolt           Conj/Air       #.........   91%         5    ######.


Dungeon Overview and Level Annotations

Branches:
Dungeon (1/15)

Altars:


Innate Abilities, Weirdness & Mutations

You have a beak for a mouth.
You have claws for feet.


Message History

An ooze comes into view.
You see here a scroll labeled READUPROCH.
d - a scroll labeled READUPROCH The ooze quivers.
You see here 8 gold pieces.
You now have 16 gold pieces (gained 8).
The ooze closely misses you.
You hit the ooze but do no damage. The ooze hits you.
You hit the ooze but do no damage. The ooze hits you.
* * * LOW HITPOINT WARNING * * *
The ooze barely misses you.
You hit the ooze.
The ooze is heavily wounded.
The ooze barely misses you.
You hit the ooze.
The ooze is heavily wounded.
The ooze closely misses you.
You hit the ooze but do no damage. You peck the ooze.
The ooze is severely wounded.
The ooze hits you.
You die...

..###.##############....# ..#
#.# ##...#
..###.##############....#
....†.#................##
..###.'...............##
..###.#..............##
.###..#################
####.....#............#
................@J....#
####.....##..........## #####
#.....###...##...## ♣♣♣...♣
#.....####### #### ##♣♣......
#........# ######♣.........
########.######.♣♣....♣.♣#'''#
#.............♣♣###...#
###.........♣♣♣ #......
#........♣♣####..8...


You could see an ooze.

Vanquished Creatures
  A giant cockroach (D:1)
  A goblin (D:1)
  A hobgoblin (D:1)
  A frilled lizard (D:1)
  3 rats (D:1)
7 creatures vanquished.

Notes
Turn   | Place    | Note
-------+----------+-------------------------------------------
     0 | D:1      | Jetshad the Tengu Air Elementalist began the quest for the
                  | Orb.
     0 | D:1      | Reached XP level 1. HP: 10/10 MP: 4/4
   176 | D:1      | Reached XP level 2. HP: 4/15 MP: 6/6
   213 | D:1      | Slain by an ooze

Levels and vault maps discovered:
D:1:      sevenhm_arrival_forest_fort_large_2, layout_rooms, nrook_uturn,
          st_stairs_9

Action                   || total
-------------------------++-------
Melee: Unarmed           ||    17
       Kick              ||     6
       Peck              ||     2
       Club              ||     5
  Use: Potion            ||     1
  Eat: Ration            ||     1
Armor: Robe              ||     1
Dodge: Dodged            ||    16

Table legend:
 A = Non-vault XP
 B = Vault XP
 C = Vault XP percentage of total XP
 D = Non-vault monster count
 E = Vault monster count
 F = Vault count percentage of total count
                 A         B        C        D         E       F
            +---------+---------+-------+---------+---------+-------
      Total |      10 |       0 |   0.0 |       7 |       0 |   0.0
            +---------+---------+-------+---------+---------+-------
        D:1 |      10 |       0 |   0.0 |       7 |       0 |   0.0
            +---------+---------+-------+---------+---------+-------
